 Dungeon Crawl Stone Soup version 0.30.1-3-gfc49f6343a (webtiles) character file.

Game seed: 17677191234542084762

1056 croobank the Sneak (level 8, -2/55 HPs)
             Began as an Octopode Monk on July 20, 2023.
             Was an Elder of Dithmenos.
             Slain by an ogre
             ... wielding a +0 giant club
              (22 damage)
             ... on level 5 of the Dungeon.
             The game lasted 00:16:30 (4290 turns).

croobank the Sneak (Octopode Monk)                  Turns: 4290, Time: 00:16:31

Health: -2/55      AC:  3    Str: 16    XL:     8   Next: 26%
Magic:  10/10      EV: 14    Int: 15    God:    Dithmenos [****..]
Gold:   396        SH:  0    Dex: 12    Spells: 10/12 levels left

rFire   . . .        a - +1 short sword
rCold   + . .        (no shield)
rNeg    + . .        (helmet restricted)
rPois   .            (no amulet)
rElec   .            f - ring of see invisible
rCorr   +            m - ring of positive energy
SInv    +            d - +6 ring of strength
Will    .....        u - ring of resist corrosion
Stlth   ++++++       g - ring of protection from cold
HPRegen 0.29/turn    (no ring)
MPRegen 0.12/turn    (no ring)
                     (no ring)

%: no passive effects
@: wreathed by umbra
A: almost no armour, amphibious, 8 rings, camouflage 1, gelatinous body 1,
(nimble swimmer 1), tentacles, iridescent scales 1, clumsy 1, low MP 1
a: Renounce Religion, Shadow Step


You were on level 5 of the Dungeon.
You worshipped Dithmenos.
Dithmenos was greatly pleased with you.
You visited 1 branch of the dungeon, and saw 5 of its levels.
You also visited: Ossuary.

You collected 396 gold pieces.

Inventory:

Hand Weapons
 a - a +1 short sword (weapon)
 s - a +2 trident of venom
 v - a +0 dagger
 E - a +0 war axe
Missiles
 e - 11 boomerangs (quivered)
Armour
 c - an orb of light
Jewellery
 d - a +6 ring of strength (on tentacle)
 f - a ring of see invisible (left tentacle)
 g - a ring of protection from cold (on tentacle)
 m - a ring of positive energy (right tentacle)
 n - a ring of fire
 q - the amulet of Elemental Vulnerability {rPois rF-- rC-- AC+8}
   (You found it on level 3 of the Dungeon)

   [amulet of nothing]

   AC:        It affects your AC (+8).
   rF:        It makes you very vulnerable to fire.
   rC:        It makes you very vulnerable to cold.
   rPois:     It protects you from poison.
 u - a ring of resist corrosion (on tentacle)
Scrolls
 h - a scroll of fear {unknown}
 j - 2 scrolls of brand weapon {unknown}
 k - a scroll of enchant armour
 r - 2 scrolls of amnesia
 w - a scroll of magic mapping {unknown}
 y - a scroll of immolation {unknown}
 z - a scroll of blinking {unknown}
 A - 2 scrolls of torment {unknown}
Potions
 b - 2 potions of degeneration {unknown}
 i - 2 potions of brilliance
 l - 2 potions of curing
 o - 2 potions of heal wounds
 p - a potion of haste
 t - a potion of magic {unknown}
 x - a potion of attraction {unknown}
 B - a potion of might
 C - a potion of berserk rage {unknown}
 D - a potion of lignification {unknown}


   Skills:
 + Level 5.1 Fighting
 + Level 5.0 Short Blades
 + Level 5.1 Dodging
 + Level 5.4 Stealth
 * Level 2.5 Spellcasting
 * Level 2.9 Transmutations


You had 10 spell levels left.
You knew the following spells:

 Your Spells              Type           Power      Damage    Failure   Level
a - Wereblood             Tmut           10%        N/A       10%         2

Your spell library contained the following spells:

 Spells                   Type           Power      Damage    Failure   Level
 Sublimation of Blood     Necr           1%         N/A       32%         2
 Dazzling Flash           Conj/Hex       2%         N/A       54%         3
 Hailstorm                Conj/Ice       1%         3d3       54%         3
 Volatile Blastmotes      Fire/Tloc      2%         2d10      54%         3
 Ice Form                 Ice/Tmut       6%         N/A       75%         4
 Iskenderun's Mystic Bla  Conj/Tloc      1%         2d3       91%         4
 Simulacrum               Ice/Necr       0%         N/A       100%        6
 Starburst                Conj/Fire      0%         6d3       100%        6
 Summon Hydra             Summ           0%         N/A       100%        7


Dungeon Overview and Level Annotations

Branches:
Dungeon (5/15)             Temple (0/1) D:5         Ossuary (visited)

Altars:
Dithmenos
Ru

Shops:
D:4 [


Innate Abilities, Weirdness & Mutations

You cannot wear most types of armour.
You are amphibious.
You can wear up to eight rings at the same time.
Your skin changes colour to match your surroundings (Stealth+).
Your rubbery body absorbs attacks. (AC +1, EV +1)
((You are camouflaged when in or above water. (Stealth+)))
You have tentacles for arms and can constrict up to eight enemies at once.
You are partially covered in iridescent scales. (AC +2)
You are clumsy. (Dex -2)
Your magical capacity is low. (-10% MP)


Message History

You howl as the wereblood boils in your veins!
Your primal bloodlust is almost over.
Your primal bloodlust has ended.
Magic restored.
You open the door.
Found a staircase to the Ecumenical Temple.
There is an open door here.
There is an open door here.
You now have 396 gold pieces (gained 15).
An ogre comes into view. It is wielding a +0 giant club.
The ogre shouts!
You see here a fizzy purple potion.
Throw: 11 boomerangs
Press: ? - help, Q - select action, (/) - cycle Shift-Dir - straight line, f - ogre
Aim: an ogre, wielding a +0 giant club (umbra, 74% to hit)
You throw a boomerang. The boomerang barely misses the ogre.
Throw: 11 boomerangs
Press: ? - help, Q - select action, (/) - cycle Shift-Dir - straight line, f/p - ogre
Aim: an ogre, wielding a +0 giant club (umbra, 74% to hit)
You throw a boomerang. The boomerang barely misses the ogre.
Your shadow throws a boomerang.
The boomerang barely misses the ogre.
You hit the ogre.
The ogre is moderately wounded.
The ogre closely misses you.
You hit the ogre.
The ogre is moderately wounded.
You hit the ogre. You tentacle-slap the ogre. Your squeeze misses the ogre.
The ogre is heavily wounded.
The ogre hits you with a +0 giant club!!
Ouch! That really hurt!
You emit a cloud of dark smoke.
You are too injured to fight recklessly!
You are too injured to fight recklessly!
You hit the ogre. You squeeze the ogre, but do no damage.
The ogre is severely wounded.
You hit the ogre.
The ogre is severely wounded.
The ogre hits you with a +0 giant club!!
You die...

..## #. .....# #..##
#.#.#..# #...###..##.#
.....##....##
.....##.....## #
...#####.....#### .#
...# ##...#...##§# ..##
#..#..§§#§§### ..##
##....###@§§..#
...#####..##..##O§§.....
.....##..####........##.
.###....## #......## ##
##..## ..#.....# #
#....# #..#..##..#
#..#.# #....## #$.#
..####.# .. ..# #.. ...
..#


You could see an ogre.

Vanquished Creatures
  Sigmund (D:3)
  A water moccasin (D:5)
  A black bear (D:5)
  2 ogres (D:4)
  A scorpion (D:3)
  4 centaur zombies (Ossuary)
  An ogre zombie (Ossuary)
  8 mummies
  4 gnolls (D:4)
  7 adders
  7 adder zombies (Ossuary)
  A worm (D:3)
  3 dart slugs
  12 orcs
  9 ball pythons
  6 endoplasms
  2 giant cockroaches (D:1)
  6 goblins
  4 hobgoblins
  5 jackals
  5 quokkas
  4 bats (D:1)
  2 frilled lizards (D:2)
  A gnoll zombie (Ossuary)
  2 goblin zombies (Ossuary)
  3 hobgoblin zombies (Ossuary)
  9 kobolds
  4 kobold zombies (Ossuary)
  3 quokka zombies (Ossuary)
  3 rats
  5 rat zombies (Ossuary)
126 creatures vanquished.

Notes
Turn   | Place    | Note
-------+----------+-------------------------------------------
     0 | D:1      | croobank the Octopode Monk began the quest for the Orb.
     0 | D:1      | Reached XP level 1. HP: 16/16 MP: 1/1
    24 | D:1      | Reached XP level 2. HP: 15/21 MP: 2/2
   313 | D:1      | Reached XP level 3. HP: 26/26 MP: 3/3
   325 | D:1      | You fall into a shaft and drop 1 floor!
   341 | D:2      | Reached skill level 1 in Stealth
   372 | D:2      | Found a faded altar of an unknown god.
   422 | D:2      | Prayed at the altar of an unknown god.
   422 | D:2      | Became a worshipper of Dithmenos the Shadowed
   422 | D:2      | Reached * piety under Dithmenos
   422 | D:2      | Reached ** piety under Dithmenos
   452 | D:2      | Found a sacrificial altar of Ru.
  1128 | D:1      | Reached *** piety under Dithmenos
  1565 | D:3      | Noticed a scorpion
  1576 | D:3      | Reached XP level 4. HP: 20/31 MP: 4/4
  1581 | D:3      | Gained mutation: One of your tentacles bears a spike.
                  | [potion of mutation]
  1581 | D:3      | Gained mutation: You are frail. (-10% HP) [potion of
                  | mutation]
  1581 | D:3      | Gained mutation: You are vulnerable to cold. (rC-) [potion
                  | of mutation]
  1581 | D:3      | Killed a scorpion
  1582 | D:3      | Reached XP level 5. HP: 10/33 MP: 5/5
  1670 | D:3      | Lost mutation: One of your tentacles bears a spike. [potion
                  | of mutation]
  1670 | D:3      | Lost mutation: You are vulnerable to cold. (rC-) [potion of
                  | mutation]
  1670 | D:3      | Lost mutation: You are frail. (-10% HP) [potion of
                  | mutation]
  1670 | D:3      | Gained mutation: Your magical capacity is low. (-10% MP)
                  | [potion of mutation]
  1670 | D:3      | Gained mutation: You are clumsy. (Dex -2) [potion of
                  | mutation]
  1670 | D:3      | Gained mutation: You are partially covered in iridescent
                  | scales. (AC +2) [potion of mutation]
  1774 | D:3      | Found the amulet of Elemental Vulnerability {rPois rF--
                  | rC-- AC+8}
  2042 | D:3      | Noticed Sigmund
  2050 | D:3      | Killed Sigmund
  2051 | D:3      | Reached XP level 6. HP: 37/44 MP: 5/5
  2560 | D:4      | Found Counergh's Armour Shoppe.
  2749 | D:4      | Found a sand-covered staircase.
  2765 | Ossuary  | Entered an ossuary
  2900 | Ossuary  | Reached XP level 7. HP: 49/49 MP: 6/6
  2905 | Ossuary  | Learned a level 2 spell: Wereblood
  2961 | Ossuary  | Reached skill level 1 in Transmutations
  2969 | Ossuary  | Reached skill level 1 in Spellcasting
  3108 | Ossuary  | Reached **** piety under Dithmenos
  3479 | D:4      | Reached skill level 5 in Stealth
  3624 | D:4      | Reached skill level 5 in Fighting
  3624 | D:4      | Reached XP level 8. HP: 55/55 MP: 7/10
  3983 | D:5      | Entered Level 5 of the Dungeon
  4042 | D:5      | Reached skill level 5 in Short Blades
  4042 | D:5      | Reached skill level 5 in Dodging
  4207 | D:5      | Found a staircase to the Ecumenical Temple.
  4290 | D:5      | Slain by an ogre

Illustrated notes

Levels and vault maps discovered:
D:1:      dpeg_arrival_houses_and_road, layout_basic, minmay_box_of_dots
D:2:      layout_loops_cross, basic_altar,
          shapermc_ecumenical_altar_totnotflames, minmay_misc_feat_square,
          chequers_jeans, kennysheep_generic_room_12
D:3:      layout_basic, uniq_sigmund
D:4:      layout_gridville, gup_ossuary_entry_pyramid, serial_shops,
          nicolae_diamond_shop, hex_medium, chequers_arboretum,
          kennysheep_generic_room_5
D:5:      layout_layer_cave, minmay_temple_entry_enclosed_plants,
          kennysheep_generic_room_2

Skill      XL: |  1  2  3  4  5  6  7  8 |
---------------+-------------------------+-----
Stealth        | 1 2 4 5 |  5.4
Fighting       | 4 5 |  5.1
Dodging        | 4 5 |  5.1
Short Blades   | 4 5 |  5.0
Transmutations | 2 |  2.9
Spellcasting   | 2 |  2.5

Action                     |  1- 3 |  4- 6 |  7- 9 || total
---------------------------+-------+-------+-------++-------
  Melee: Short sword       |    83 |    65 |   118 ||   266
         Constrict         |    21 |    15 |    26 ||    62
         Tentacles         |    13 |    19 |    29 ||    61
         Punch             |     1 |     1 |     2 ||     4
         Trident           |       |    28 |       ||    28
         Kick              |       |     3 |       ||     3
  Throw: Boomerang         |       |       |     3 ||     3
         Throwing net      |       |       |     1 ||     1
   Cast: Wereblood         |       |       |    15 ||    15
 Invoke: Shadow Step       |       |     2 |       ||     2
    Use: Potion            |       |     5 |       ||     5
         Scroll            |       |     6 |     3 ||     9
   Stab: Sleeping          |    14 |    18 |    15 ||    47
         Held in net/web   |       |       |     1 ||     1
 Armour: Skin              |     4 |     3 |    11 ||    18
  Dodge: Dodged            |    52 |    52 |    57 ||   161
